 Dungeon Crawl Stone Soup version 0.21.1-1-g345015f (webtiles) character file.

98543 vatarom the Earth Mage (level 15, -12/138 HPs)
             Began as a Deep Dwarf Earth Elementalist on May 29, 2018.
             Was the Champion of Makhleb.
             Killed from afar by a thorn hunter (36 damage)
             ... with a volley of thorns
             ... on level 1 of the Swamp on May 30, 2018.
             The game lasted 01:39:03 (37629 turns).

vatarom the Earth Mage (DDEE)                      Turns: 37629, Time: 01:39:04

Health: -12/138    AC: 18    Str: 13    XL:     15   Next: 75%
Magic:  1/23       EV: 17    Int: 27    God:    Makhleb [******]
Gold:   1940       SH:  7    Dex: 14    Spells: 16/37 levels left

rFire    + . .     SeeInvis +   O - +4 broad axe (flame)
rCold    . . .     Gourm    .   N - +2 buckler "Sihel" {rF+ rN+ MR++ Int+4}
rNeg     + + .     Faith    .   T - +1 steam dragon scales
rPois    .         Spirit   .   u - +0 helmet {SInv}
rElec    .         Reflect  .   C - +0 cloak
rCorr    .         Harm     .   a - +1 pair of gloves
MR       +++++                  (no boots)
Stlth    ++........             (no amulet)
HPRegen  0.00/turn              R - ring of Robustness {AC+8}
MPRegen  0.18/turn              z - ring of the Mage {Wiz MR++ Int+3}

@: non-regenerating
A: damage resistance, heal wounds, claws 1, fangs 1, hooves 1, negative energy
resistance 1, sense surroundings 2, no regeneration
a: Heal Wounds, Minor Destruction, Lesser Servant of Makhleb, Major Destruction,
Greater Servant of Makhleb, Renounce Religion


You were on level 1 of the Swamp.
You worshipped Makhleb.
Makhleb was exalted by your worship.
You were full.

You visited 5 branches of the dungeon, and saw 25 of its levels.
You also visited: Volcano.

You collected 2609 gold pieces.
You spent 669 gold pieces at shops.

Inventory:

Hand Weapons
 O - a +4 broad axe of flaming (weapon)
Missiles
 b - 654 stones (quivered)
 y - 5 throwing nets {!f}
Armour
 a - a +1 pair of gloves (worn)
 u - a +0 helmet of see invisible (worn)
 C - a +0 cloak (worn)
 N - the +2 buckler "Sihel" (worn) {rF+ rN+ MR++ Int+4}
   (You found it on level 11 of the Dungeon)

   It affects your intelligence (+4).
   It protects you from fire.
   It protects you from negative energy.
   It affects your resistance to hostile enchantments.
 T - +1 steam dragon scales (worn)
Magical Staves
 o - an uncursed staff of earth
Jewellery
 c - an uncursed ring of ice
 z - the ring of the Mage (right hand) {Wiz MR++ Int+3}
   (You took it off a gnoll on level 5 of the Dungeon)

   [ring of wizardry]

   It improves your spell success rate.
   It affects your intelligence (+3).
   It affects your resistance to hostile enchantments.
 R - the ring of Robustness (left hand) {AC+8}
   (You found it on level 4 of the Lair of Beasts)

   [ring of protection]

   It affects your AC (+8).
Wands
 g - a wand of polymorph (51)
 p - a wand of digging (28) {@v1}
 t - a wand of scattershot (5)
 v - a wand of random effects (18)
 w - a wand of enslavement (11)
 B - a wand of iceblast (27) {@v4}
 F - a wand of paralysis (30)
 G - a wand of disintegration (17)
 Y - a wand of flame (64)
Scrolls
 e - 2 scrolls of identify {@r1}
 j - 11 scrolls of remove curse {@r2}
 k - 7 scrolls of teleportation {@r3}
 l - 5 scrolls of immolation
 m - 3 scrolls of fog
 q - a scroll of fear
 E - a scroll of torment
 L - 6 scrolls of amnesia
 S - 2 scrolls of magic mapping
Potions
 f - 4 potions of brilliance {@q6}
 h - 3 potions of flight
 A - 5 potions of agility {@q5}
 D - 4 potions of lignification
 P - 2 potions of invisibility
 U - a potion of cancellation
 V - a potion of resistance
Books
 s - a book of Transfigurations

   Spells                             Type                      Level
   a - Irradiate                      Conjuration/Transmutation    5
   b - Statue Form                    Transmutation/Earth          6
   c - Hydra Form                     Transmutation                6
   d - Dragon Form                    Transmutation                7
 J - a book of Maledictions

   Spells                             Type                      Level
   a - Corona                         Hexes                        1
   b - Ensorcelled Hibernation        Hexes/Ice                    2
   c - Confuse                        Hexes                        3
   d - Tukima's Dance                 Hexes                        3
   e - Dazzling Spray                 Conjuration/Hexes            3
Miscellaneous
 r - a phantom mirror
 M - a crystal ball of energy
 W - a phial of floods
Comestibles
 d - 10 rations {@e1}


   Skills:
 * Level 9.8 Fighting
 * Level 9.3 Axes
 - Level 8.3 Dodging
 - Level 2.4 Stealth
 - Level 4.1 Shields
 - Level 0.3 Unarmed Combat
 * Level 11.6 Spellcasting
 - Level 7.3 Conjurations
 - Level 0.8 Transmutations
 - Level 15.0 Earth Magic
 - Level 13.8 Invocations
 + Level 11.8 Evocations


You had 16 spell levels left.
You knew the following spells:

 Your Spells              Type           Power        Failure   Level  Hunger
a - Passwall              Tmut/Erth      ######....   1%          2    None
b - Lee's Rapid Deconstr  Erth           #######...   1%          5    ###....
c - Stone Arrow           Conj/Erth      ######       1%          3    None
d - Statue Form           Tmut/Erth      ######...    9%          6    #####..
x - Sandblast             Erth           ######       0%          1    None
P - Petrify               Tmut/Erth      ######..     1%          4    None


Dungeon Overview and Level Annotations

Branches:
Dungeon (15/15)            Temple (1/1) D:6            Lair (6/6) D:11
  Swamp (1/4) Lair:3        Snake (0/4) Lair:3        Slime (0/5) Lair:6
    Orc (2/2) D:12            Elf (0/3) Orc:2        Vaults (0/5) D:14
 Depths (0/5) D:15

Altars:
Ashenzari
Cheibriados
Dithmenos
Elyvilon
Fedhas
Gozag
Hepliaklqana
Kikubaaqudgha
Makhleb
Nemelex Xobeh
Okawaru
Qazlal
Ru
Sif Muna
Trog
Uskayaw
Vehumet
Wu Jian
Xom
Yredelemnul
Zin
The Shining One
Beogh

Shops:
D:7 =   D:13 (   D:14 *   D:15 (   Orc:1 ?   Orc:2 ([}*

Portals:
Trove: D:13 (give 5 potions of resistance)

Annotations:
D:6 1 runed door


Innate Abilities, Weirdness & Mutations

You are resistant to damage.
You can heal yourself by infusing magical energy.
You resist negative energy. (rN+)
You passively map the area around you.
You do not regenerate.
You have sharp fingernails.
You have very sharp teeth.
You have large cloven feet.


Message History

You hear a shout!
The thorn hunter gestures.
Casting: Lee's Rapid Deconstruction
Confirm with . or Enter, or press ? or * to list all spells.
You don't have enough magic to cast that spell.
Unknown command.
A demon appears!
What are your orders? t - Shout!
Orders for allies: a - Attack new target. p - Attack previous target. r - Retreat! s - Stop attacking. g - Guard the area. f - Follow me.
Anything else - Cancel.
Gang up on whom?
Press: ? - help, Dir - move target cursor, f - thorn hunter, p - alligator
Aim: a thorn hunter (moderately damaged) Attack!
The thorn hunter fires a volley of thorns at you.
The volley of thorns hits you!
You die... ≈ ≈ * ≈≈, ≈ ≈, , ≈ * ♣♣≈≈≈≈.... ≈ , ..≈* ♣PPPPPP.§≈≈

,,, ≈ ,
...♣♣♣♣♣PPPPPP.≈≈ ,
,.≈...≈♣≈≈≈≈≈PP...
≈≈≈≈§..≈≈≈≈≈PP.♣* *
≈ * ≈
≈≈≈≈§>..≈≈≈≈PP≈♣ * ≈
,.≈≈...♣.....PP$♣♣
≈* , ≈
≈≈≈.≈≈.t<@.≈PP≈.. ,
, ≈ ≈
≈≈≈...f.≈≈2≈P≈§≈≈≈,≈
, ≈≈...≈...≈.....≈≈
≈ ≈ , ,,
.....♣♣♣...!♣≈?≈≈ ≈
, , ≈≈≈≈♣ ≈..?§≈≈≈≈≈
, ≈ ≈≈.♣ ♣..≈.≈≈≈≈..
,≈ * ≈≈. ♣♣♣♣♣....≈≈
,, * * *≈, .. *
§.≈.≈ * * * , *


You could see a thorn hunter, an alligator (petrified) and a friendly balrug.

Vanquished Creatures
  2 entropy weavers (Lair:6)
  An ettin (Orc:2)
  Snorg (Orc:2)
  Josephine (Lair:4)
  Erolcha (D:13)
  A fire dragon (Lair:6)
  A rakshasa (D:15)
  A hydra (Lair:3)
  A catoblepas (Lair:6)
  Harold (D:12)
  8 vault guards (D:14)
  4 centaur warriors
  2 death yaks (Lair:6)
  7 two-headed ogres
  An anaconda (shapeshifter) (D:13)
  Erica (Lair:2)
  A dancing weapon (D:14)
  A hell hog (Volcano)
  An ogre mage (Orc:1)
  A queen ant (Lair:6)
  8 orc high priests
  A deep elf knight (D:14)
  Sonja (Lair:2)
  A fire crab (Lair:6)
  2 hell knights (D:14)
  3 unseen horrors
  A death drake (shapeshifter) (D:13)
  2 wizards (D:14)
  A glowing orange brain (D:15)
  A swamp dragon (Lair:6)
  Pikel (D:8)
  4 lindwurms (D:13)
  A wolf spider zombie (D:14)
  A deep elf mage (D:12)
  15 ugly things
  An oklob plant (Lair:3)
  2 orc knights
  A manticore (D:13)
  A cyclops (D:13)
  A salamander (shapeshifter) (D:15)
  A cyclops (shapeshifter) (D:15)
  2 salamanders (Volcano)
  A wolf spider (D:15)
  8 black mambas
  12 elephants
  Maurice (D:13)
  3 gargoyles
  5 spiny frogs
  A molten gargoyle (Lair:6)
  2 rime drakes
  5 komodo dragons
  6 yaktaurs (D:15)
  2 kobold demonologists (D:12)
  7 trolls
  2 tengu conjurers (D:14)
  A queen bee (shapeshifter) (D:15)
  4 tyrant leeches
  3 hornets
  A polar bear (Lair:4)
  9 slime creatures
  11 hippogriffs
  9 blink frogs
  A vampire (D:12)
  A shadow (D:14)
  5 wraiths
  A wyvern (D:15)
  A spriggan (Swamp:1)
  Eustachio (D:6)
  9 yaks
  4 hungry ghosts
  2 basilisks
  6 steam dragons
  Grum (D:8)
  2 vampire mosquitoes (D:15)
  The ghost of TheNamelessOne the Ducker, an amateur OpFi (D:3)
  7 wargs
  14 soldier ants
  A swamp worm (Lair:3)
  An acid dragon (D:15)
  11 water moccasins
  4 porcupines
  2 hell hounds (Volcano)
  3 sky beasts
  A swamp drake (Lair:6)
  5 ice beasts
  13 orc warriors
  A phantom (D:6)
  11 ogres
  2 necrophages
  2 black bears
  4 wolves
  21 centaurs
  22 crocodiles
  17 bullfrogs
  2 wyvern zombies
  5 big kobolds
  2 wyvern skeletons
  4 scorpions
  8 killer bees
  4 wights (D:13)
  6 crimson imps
  4 howler monkeys
  2 centaur zombies
  A bullfrog zombie (D:6)
  3 quasits
  9 hounds
  7 jellies
  31 orc priests
  20 orc wizards
  A bullfrog skeleton (D:12)
  4 centaur skeletons
  Ijyb (D:5)
  16 iguanas
  28 worker ants
  Natasha (thrice) (D:3)
  A hound zombie (D:7)
  A howler monkey zombie (D:5)
  15 adders
  10 gnolls
  6 shadow imps
  7 oozes
  5 worms
  3 dart slugs
  4 leopard geckos
  94 orcs
  4 giant cockroaches
  9 goblins
  8 hobgoblins
  4 jackals (D:1)
  5 quokkas
  2 ball pythons
  7 bats
  3 frilled lizards
  A jackal skeleton (D:4)
  22 kobolds
  2 quokka skeletons
  A quokka zombie (D:7)
  8 rats
  A spectral orc (D:2)
744 creatures vanquished.

Vanquished Creatures (collateral kills)
  A catoblepas (Lair:2)
  A death yak (Lair:6)
  A spriggan druid (Lair:3)
  2 elephants (Lair:4)
  A komodo dragon (Lair:1)
  A hippogriff (Lair:4)
  A spriggan (Lair:3)
  A swamp worm (Swamp:1)
  An orc warrior (Orc:2)
  A crocodile (Lair:1)
  An iguana (Lair:1)
12 creatures vanquished.

Vanquished Creatures (others)
  2 two-headed ogres (Volcano)
  19 fungi
  25 plants
46 creatures vanquished.

Grand Total: 802 creatures vanquished

Notes
Turn   | Place    | Note
-------+----------+-------------------------------------------
     0 | D:1      | vatarom the Deep Dwarf Earth Elementalist began the quest for the Orb.
     0 | D:1      | Reached XP level 1. HP: 15/15 MP: 3/3
   162 | D:1      | Reached XP level 2. HP: 22/22 MP: 1/5
   491 | D:1      | Learned a level 2 spell: Passwall
   752 | D:1      | Reached XP level 3. HP: 17/28 MP: 3/6
   789 | D:1      | Learned a level 3 spell: Stone Arrow
  1217 | D:2      | Found an ancient bone altar of Kikubaaqudgha.
  1218 | D:2      | Found a burning altar of Makhleb.
  1218 | D:2      | Found a bloodstained altar of Trog.
  1305 | D:2      | Reached XP level 4. HP: 20/36 MP: 0/7
  1379 | D:2      | Found a shattered altar of Ashenzari.
  1380 | D:2      | Found a snail-covered altar of Cheibriados.
  1381 | D:2      | Found a white marble altar of Elyvilon.
  1386 | D:2      | Became a worshipper of Makhleb the Destroyer
  1397 | D:2      | Reached skill level 5 in Earth Magic
  2054 | D:2      | Found a basalt altar of Yredelemnul.
  2399 | D:3      | Reached * piety under Makhleb
  2762 | D:3      | Learned a level 4 spell: Petrify
  2803 | D:3      | Reached XP level 5. HP: 21/42 MP: 9/9
  2842 | D:3      | Noticed TheNamelessOne's ghost (amateur OpFi)
  3235 | D:3      | Killed TheNamelessOne's ghost
  3235 | D:3      | Reached skill level 6 in Earth Magic
  3235 | D:3      | Reached XP level 6. HP: 42/49 MP: 4/11
  3489 | D:3      | Noticed Natasha
  3492 | D:3      | Killed Natasha
  3631 | D:3      | Noticed Natasha
  3638 | D:3      | Killed Natasha
  3669 | D:3      | Noticed Natasha
  3672 | D:3      | Killed Natasha
  3797 | D:4      | Reached skill level 5 in Spellcasting
  3952 | D:4      | Reached XP level 7. HP: 22/55 MP: 13/13
  4211 | D:4      | Learned a level 5 spell: Lee's Rapid Deconstruction
  4221 | D:4      | Reached skill level 7 in Earth Magic
  4566 | D:4      | Reached ** piety under Makhleb
  4735 | D:5      | Entered Level 5 of the Dungeon
  5399 | D:5      | Reached skill level 8 in Earth Magic
  5399 | D:5      | Reached XP level 8. HP: 48/62 MP: 0/16
  5826 | D:5      | Noticed Ijyb
  5830 | D:5      | Killed Ijyb
  5920 | D:5      | Got a heavily runed copper ring
  5921 | D:5      | Identified the ring of Ephemeral Luck {rCorr Str-5 Dex+3 Stlth+} (You found it on level 5 of the Dungeon)
  6063 | D:5      | Found a snail-covered altar of Cheibriados.
  6338 | D:6      | Found a staircase to the Ecumenical Temple.
  6357 | D:6      | Reached skill level 1 in Fighting
  6364 | D:6      | Reached skill level 1 in Invocations
  6506 | Temple   | Entered the Ecumenical Temple
  7017 | D:6      | Reached skill level 9 in Earth Magic
  7401 | D:6      | Reached *** piety under Makhleb
  7512 | D:6      | Gained mutation: You passively map the area around you. [Deep Dwarf growth]
  7512 | D:6      | Reached XP level 9. HP: 56/76 MP: 14/18
  7592 | D:6      | Noticed Eustachio
  7604 | D:6      | Killed Eustachio
  7872 | D:6      | Found a runed door.
  8596 | D:7      | Found Vutyilad's Jewellery Shop.
  9277 | D:7      | Reached skill level 5 in Fighting
  9277 | D:7      | Reached skill level 10 in Earth Magic
  9277 | D:7      | Reached skill level 5 in Invocations
  9277 | D:7      | Reached skill level 5 in Dodging
  9785 | D:7      | Found an ornate altar of the Wu Jian Council.
  9941 | D:8      | Noticed Grum
 10001 | D:8      | Reached **** piety under Makhleb
 10254 | D:8      | Reached XP level 10. HP: 88/88 MP: 7/19
 11103 | D:8      | Killed Grum
 11192 | D:8      | Noticed Pikel
 11196 | D:8      | Killed Pikel
 11196 | D:8      | Reached skill level 11 in Earth Magic
 11836 | D:9      | Noticed a two-headed ogre
 11840 | D:9      | Killed a two-headed ogre
 12437 | D:10     | Entered Level 10 of the Dungeon
 12978 | D:10     | Reached skill level 12 in Earth Magic
 13491 | D:11     | Found a staircase to the Lair.
 14108 | D:11     | Noticed a two-headed ogre
 14115 | D:11     | Killed a two-headed ogre
 14115 | D:11     | Reached XP level 11. HP: 60/96 MP: 1/19
 14646 | D:11     | Got a faintly glowing buckler
 14652 | D:11     | Identified the +2 buckler "Sihel" {rF+ rN+ MR++ Int+4} (You found it on level 11 of the Dungeon)
 15094 | Lair:1   | Entered Level 1 of the Lair of Beasts
 15100 | Lair:1   | Reached skill level 1 in Shields
 15217 | Lair:1   | Reached ***** piety under Makhleb
 15858 | Lair:1   | Gained mutation: You have an increased reservoir of magic. (+10% MP) [potion of mutation]
 15858 | Lair:1   | Gained mutation: You tend to lose your temper in combat. [potion of mutation]
 15858 | Lair:1   | Gained mutation: You have sharp toenails. [potion of mutation]
 16037 | Lair:1   | Reached skill level 10 in Invocations
 16507 | Lair:1   | Reached skill level 13 in Earth Magic
 16943 | Lair:2   | Noticed Sonja
 16946 | Lair:2   | Killed Sonja
 17245 | Lair:2   | Noticed a catoblepas
 17298 | Lair:2   | Killed a catoblepas
 17736 | Lair:2   | Noticed Erica
 18121 | Lair:2   | Killed Erica
 18344 | Lair:3   | Noticed an oklob plant
 18350 | Lair:3   | Killed an oklob plant
 18596 | Lair:3   | Found a staircase to the Swamp.
 18622 | Lair:3   | Reached XP level 12. HP: 103/103 MP: 12/23
 18630 | Lair:3   | Noticed a six-headed hydra
 18778 | Lair:4   | Reached skill level 1 in Evocations
 18947 | Lair:4   | Found the ring of Robustness {AC+8}
 19314 | Lair:3   | Found a staircase to the Snake Pit.
 19336 | Lair:3   | Killed a six-headed hydra
 19502 | Lair:3   | Reached skill level 14 in Earth Magic
 20646 | Lair:4   | Lost mutation: You have sharp toenails. [potion of mutation]
 20646 | Lair:4   | Lost mutation: You tend to lose your temper in combat. [potion of mutation]
 20646 | Lair:4   | Lost mutation: You have an increased reservoir of magic. (+10% MP) [potion of mutation]
 20646 | Lair:4   | Gained mutation: You have very sharp teeth. [potion of mutation]
 20646 | Lair:4   | Gained mutation: You have large cloven feet. [potion of mutation]
 20646 | Lair:4   | Gained mutation: You have sharp fingernails. [potion of mutation]
 20816 | Lair:4   | Found an opulent altar of Gozag.
 21202 | Lair:4   | Noticed Josephine
 21216 | Lair:4   | Killed Josephine
 21216 | Lair:4   | Reached skill level 1 in Axes
 21216 | Lair:4   | Reached skill level 5 in Evocations
 22793 | Lair:5   | Reached skill level 10 in Spellcasting
 23153 | Lair:6   | Entered Level 6 of the Lair of Beasts
 23155 | Lair:6   | Found a staircase to the Slime Pits.
 23321 | Lair:6   | Reached XP level 13. HP: 94/111 MP: 14/24
 24581 | Lair:6   | Noticed an entropy weaver
 24596 | Lair:6   | Killed an entropy weaver
 24690 | Lair:6   | Noticed an entropy weaver
 24706 | Lair:6   | Killed an entropy weaver
 25058 | Lair:6   | Reached ****** piety under Makhleb
 25709 | Lair:6   | Noticed a fire dragon
 25888 | Lair:6   | Killed a fire dragon
 26907 | Lair:6   | Reached skill level 5 in Axes
 27683 | D:12     | Found a staircase to the Orcish Mines.
 27916 | D:12     | Gained mutation: You resist negative energy. (rN+) [Deep Dwarf growth]
 27916 | D:12     | Reached XP level 14. HP: 123/123 MP: 13/25
 28042 | D:12     | Found a shattered altar of Ashenzari.
 28583 | D:12     | Noticed Harold
 28599 | D:12     | Killed Harold
 29047 | D:13     | Noticed Maurice
 29071 | D:13     | Found Saetitt's Weapon Boutique.
 29308 | D:13     | Killed Maurice
 29519 | D:13     | Found a portal to a secret trove of treasure.
 29520 | D:13     | Noticed Erolcha
 29524 | D:13     | Killed Erolcha
 29524 | D:13     | Reached skill level 1 in Conjurations
 30109 | D:13     | Found the +9 heavy crossbow "Sniper" {velocity, Acc+∞ SInv}
 30221 | D:13     | Identified Cagod's Reference Book on the Birds and Battle Magic
 30235 | D:13     | Identified a scroll of acquirement
 30939 | D:13     | Got a creamy pearl robe
 30950 | D:13     | Identified the +0 robe of Kleptomania {Dex+4 Stlth+} (You found it on level 13 of the Dungeon)
 31103 | D:14     | Found Xeifon's Assorted Antiques.
 31133 | D:14     | Bought a paperback book for 480 gold pieces
 31141 | D:14     | Found an opulent altar of Gozag.
 31437 | D:14     | Reached skill level 10 in Evocations
 31567 | D:14     | Found a gate to the Vaults.
 32195 | D:14     | Reached skill level 5 in Conjurations
 32502 | D:14     | Found a sacrificial altar of Ru.
 32668 | D:15     | Entered Level 15 of the Dungeon
 32821 | D:15     | Found Ogameog's Antique Weapon Shoppe.
 32906 | D:15     | Reached XP level 15. HP: 132/134 MP: 25/25
 33655 | D:15     | Paralysed by a hornet for 3 turns
 33881 | D:15     | Found a staircase to the Depths.
 34058 | D:15     | Learned a level 6 spell: Statue Form
 34304 | Orc:1    | Entered Level 1 of the Orcish Mines
 34305 | Orc:1    | Found a bloodstained altar of Trog.
 34748 | Orc:1    | Found a dark tunnel.
 34767 | Orc:1    | Found Geik's Magic Scroll Emporium.
 34779 | Volcano  | Entered a volcano
 35263 | Orc:1    | Bought 2 scrolls of identify for 40 gold pieces
 35453 | Orc:2    | Entered Level 2 of the Orcish Mines
 35477 | Orc:2    | Noticed Snorg
 35519 | Orc:2    | Killed Snorg
 35668 | Orc:2    | Reached skill level 15 in Earth Magic
 36473 | Orc:2    | Found a roughly hewn altar of Beogh.
 36644 | Orc:2    | Found a staircase to the Elven Halls.
 36886 | Orc:2    | Found Jeaduh's General Store.
 36886 | Orc:2    | Found Pyere's Gadget Boutique.
 36955 | Orc:2    | Found Weatis's Armour Emporium.
 36955 | Orc:2    | Found Dieconoj's Antique Weapon Boutique.
 36978 | Orc:2    | Bought a +0 helmet of see invisible for 149 gold pieces
 37442 | Swamp:1  | Entered Level 1 of the Swamp
 37617 | Swamp:1  | Noticed a thorn hunter
 37629 | Swamp:1  | Killed from afar by a thorn hunter

Skill      XL: |  1  2  3  4  5  6  7  8  9 10 11 12 13 14 15 |
---------------+----------------------------------------------+-----
Spellcasting   | 2 3 4 5 6 7 8 10 11 | 11.6
Earth Magic    | 5 6 8 9 10 12 13 14 15 | 15.0
Fighting       | 3 5 6 7 8 9 |  9.8
Invocations    | 3 6 9 11 12 13 | 13.8
Dodging        | 3 5 8 |  8.3
Shields        | 4 |  4.1
Evocations     | 5 8 10 11 | 11.8
Axes           | 2 5 7 9 |  9.3
Conjurations   | 5 7 |  7.3
Stealth        | |  2.4
Unarmed Combat | |  0.3
Transmutations | |  0.8

Action                   |  1- 3 |  4- 6 |  7- 9 | 10-12 | 13-15 || total
-------------------------+-------+-------+-------+-------+-------++-------
Melee: Unarmed           |    23 |       |       |       |       ||    23
       Dagger            |    32 |    19 |    16 |       |       ||    67
       War axe           |       |       |    69 |   194 |   501 ||   764
       Staff             |       |       |       |    15 |   353 ||   368
       Kick              |       |       |       |    37 |   291 ||   328
       Bite              |       |       |       |     8 |   107 ||   115
       Broad axe         |       |       |       |       |   175 ||   175
Throw: Stone             |     2 |     4 |       |     5 |     3 ||    14
       Throwing net      |       |       |       |       |     1 ||     1
 Cast: Sandblast         |    34 |    58 |    26 |    22 |       ||   140
       Stone Arrow       |     5 |    25 |    54 |   168 |   256 ||   508
       Petrify           |       |     1 |    13 |    28 |    21 ||    63
       Lee's Rapid Decon |       |       |    81 |   137 |   143 ||   361
       Passwall          |       |       |       |     2 |     4 ||     6
       Statue Form       |       |       |       |       |     6 ||     6
Invok: Minor Destruction |       |       |     1 |       |       ||     1
       Lesser Servant of |       |       |       |     3 |     1 ||     4
       Greater Servant o |       |       |       |       |     5 ||     5
 Abil: Heal Wounds       |     1 |     2 |     2 |     3 |    15 ||    23
       End Transformatio |       |       |       |       |     3 ||     3
Evoke: Wand              |       |       |       |    22 |    16 ||    38
       Crystal ball of e |       |       |       |     4 |    16 ||    20
  Use: Potion            |     1 |     1 |       |    16 |     6 ||    24
       Scroll            |       |     1 |     9 |    15 |    24 ||    49
 Stab: Petrified         |       |     3 |    15 |    19 |    22 ||    59
       Distracted        |       |     1 |       |     1 |     2 ||     4
       Sleeping          |       |       |       |     2 |     2 ||     4
       Held in net/web   |       |       |       |       |     2 ||     2
       Petrifying        |       |       |       |       |     1 ||     1
  Eat: Chunk             |     2 |     8 |    32 |    17 |    24 ||    83
       Ration            |       |     1 |     5 |    15 |    14 ||    35
Armor: Robe              |    16 |     9 |    47 |    71 |       ||   143
       Steam dragon scal |       |       |       |    28 |   493 ||   521
       Skin              |       |       |       |       |    97 ||    97
Dodge: Dodged            |    39 |    21 |   106 |   240 |  1115 ||  1521
Block: Buckler           |       |       |       |    68 |   483 ||   551
